 Dungeon Crawl Stone Soup version 0.29.1-2-gbd0b4ee654 (webtiles) character file.

Game seed: 12537022226860698223

116 xian the Trooper (level 4, -6/37 HPs)
             Began as a Demonspawn Abyssal Knight on Nov 4, 2022.
             Was a Priest of Lugonu.
             Killed by divine providence
             ... invoked by an orc priest
              (14 damage)
             ... on level 3 of the Dungeon.
             The game lasted 00:03:29 (2622 turns).

xian the Trooper (Demonspawn Abyssal Knight)        Turns: 2622, Time: 00:03:30

Health: -6/37      AC:  4    Str: 16    XL:     4   Next: 70%
Magic:  6/6        EV: 11    Int: 11    God:    Lugonu [***...]
Gold:   148        SH:  0    Dex: 13    Spells: 3/3 levels left

rFire   . . .      SeeInvis .   a - +1 hand axe
rCold   . . .      Faith    .   (no shield)
rNeg    . . .      Spirit   .   b - +0 leather armour
rPois   .          Reflect  .   d - +0 helmet
rElec   .          Harm     .   (no cloak)
rCorr   .          Rampage  .   (no gloves)
Will    +....                   (no boots)
Stlth   +.........              (no amulet)
HPRegen 0.12/turn               k - ring of willpower
MPRegen 0.10/turn               (no ring)

@: no status effects
A: demonic magic 1, weakness stinger 1
a: Renounce Religion, Depart the Abyss, Bend Space, Banish


You were on level 3 of the Dungeon.
You worshipped Lugonu.
Lugonu was most pleased with you.
You visited 1 branch of the dungeon, and saw 3 of its levels.
You visited the Abyss 1 time.

You collected 148 gold pieces.

Inventory:

Hand Weapons
 a - a +1 hand axe (weapon)
Armour
 b - a +0 leather armour (worn)
 d - a +0 helmet (worn)
Jewellery
 k - a ring of willpower (left hand)
Scrolls
 c - 3 scrolls of fear {unknown}
 h - 2 scrolls of identify {unknown}
 i - 3 scrolls of teleportation {unknown}
Potions
 e - 2 potions of cancellation {unknown}
 f - a potion of haste {unknown}
 g - 4 potions of curing {unknown}
 j - a potion of magic {unknown}


   Skills:
 + Level 3.6 Fighting
 + Level 2.9 Axes
 + Level 2.4 Armour
 + Level 1.7 Dodging
 * Level 3.2 Invocations


You had 3 spell levels left.
You didn't know any spells.
Your spell library was empty.

Dungeon Overview and Level Annotations

Branches:
Dungeon (3/15)

Altars:

Annotations:
D:3 Natasha


Innate Abilities, Weirdness & Mutations

Spells you cast may paralyse adjacent enemies.
You have a small tail.


Message History

You slash the frilled lizard!
You kill the frilled lizard!
Lugonu accepts your kill.
A ball python comes into view.
Natasha, Servant of Life and Death comes into view.
The ball python hisses angrily.
The orc priest hits you with a +0 mace. The orc hits you with a +0 whip.
You hit the orc priest but do no damage.
You hit the orc but do no damage. The orc misses you.
The orc priest misses you.
Natasha mumbles some strange words.
You slash the orc priest!
The orc priest is heavily wounded.
You hit the orc.
The orc priest looks braver for a moment.
The orc hits you but does no damage.
The crimson imp blinks!
The orc attacks as you move away! The orc barely misses you.
Unknown command.
You hit the orc. You tail-slap the orc.
You kill the orc!
Lugonu accepts your kill.
You barely miss the orc priest.
You punch the orc priest, but do no damage.
The orc priest is heavily wounded.
The orc priest calls down the wrath of Beogh upon you.
You resist with some effort.
You barely miss the orc priest.
You tail-slap the orc priest, but do no damage.
The orc priest is heavily wounded.
The orc priest hits you with a +0 mace.
You closely miss the orc priest.
The orc priest is heavily wounded.
The orc priest invokes the aid of Beogh against you.
Beogh smites you!
* * * LOW HITPOINT WARNING * * *
The crimson imp lashes its tail.
Natasha growls.
The orc priest mumbles some strange prayers to Beogh against you.
Beogh smites you!
You die...

#.#..#.......#
#.#..##.######
#.#.....#
#.##.####
######.#..#
..#...#..#
.#.###.#......#
......o##.###.#
.....hSo@.# ..#
....#.##### ...
. .. .... ##
##.# .. ...


You could see an orc priest, Natasha, an orc and a ball python.

Vanquished Creatures
  Jessica (D:2)
  3 adders (D:2)
  2 worms (D:2)
  An orc (D:3)
  6 ball pythons
  5 bats
  4 endoplasms
  3 giant cockroaches
  2 goblins (D:1)
  7 hobgoblins
  7 jackals
  3 quokkas
  3 frilled lizards
  3 kobolds (D:1)
  A rat (D:1)
51 creatures vanquished.

Vanquished Creatures (others)
  15 plants (D:1)
15 creatures vanquished.

Grand Total: 66 creatures vanquished

Notes
Turn   | Place    | Note
-------+----------+-------------------------------------------
     0 | Abyss:1  | xian the Demonspawn Abyssal Knight began the quest for the
                  | Orb.
     0 | Abyss:1  | Reached XP level 1. HP: 18/18 MP: 2/2
     1 | D:1      | Escaped the Abyss
   122 | D:1      | Gained mutation: Spells you cast may paralyse adjacent
                  | enemies. [demonic ancestry]
   122 | D:1      | Reached XP level 2. HP: 12/24 MP: 3/3
   896 | D:1      | Reached XP level 3. HP: 27/29 MP: 5/5
  1249 | D:2      | Noticed Jessica
  1254 | D:2      | Killed Jessica
  1255 | D:2      | Reached skill level 1 in Dodging
  1415 | D:2      | Reached *** piety under Lugonu
  1416 | D:2      | Gained mutation: You have a small tail. [demonic ancestry]
  1416 | D:2      | Reached XP level 4. HP: 14/36 MP: 6/6
  2614 | D:3      | Noticed Natasha
  2622 | D:3      | Killed from afar by an orc priest

Illustrated notes

Levels and vault maps discovered:
D:1:      roderic_crop_circles_arrival_small, layout_loops_ring
D:2:      layout_loops_corners, st_stairs_4, kennysheep_doodads,
          minmay_tetromino_t4, uniq_jessica
D:3:      layout_basic, lemuel_doored_altar,
          shapermc_ecumenical_altar_totnotflames, gammafunk_ghost_cemetery,
          chequers_serial_rivers_large_b, minmay_unequal, uniq_natasha,
          uniq_terence, uniq_sigmund

Skill      XL: |  1  2  3 |
---------------+----------+-----
Armour         | 2 |  2.4
Axes           | 2 |  2.9
Dodging        | 1 |  1.7
Invocations    | 3 |  3.2
Fighting       | |  3.6

Action                   |  1- 3 |  4- 6 || total
-------------------------+-------+-------++-------
Melee: Hand axe          |    98 |    88 ||   186
       Tailslap          |       |     8 ||     8
       Punch             |       |     1 ||     1
 Stab: Sleeping          |       |     1 ||     1
Armor: Leather armour    |    38 |    39 ||    77
Dodge: Dodged            |    74 |    68 ||   142
